 Dungeon Crawl Stone Soup version 0.29.1-15-g9cfb28693d (webtiles) character file.

Game seed: 6552719570814932436

744 ThatPearl the Digger (level 7, -1/57 HPs)
             Began as a Demigod Earth Elementalist on Mar 17, 2023.
             Slain by Grinder (4 damage)
             ... in a sewer.
             The game lasted 00:11:47 (4099 turns).

ThatPearl the Digger (Demigod Earth Elementalist)   Turns: 4099, Time: 00:11:48

Health: -1/57      AC:  5    Str: 21    XL:     7   Next: 23%
Magic:  8/16       EV: 12    Int: 25    God:
Gold:   129        SH:  0    Dex: 14    Spells: 6/13 levels left

rFire   + . .      SeeInvis .   a - +1 whip (freeze)
rCold   . . .      Faith    .   (no shield)
rNeg    . . .      Spirit   .   A - +1 leather armour {rF+}
rPois   .          Reflect  .   C - +0 helmet
rElec   .          Harm     .   (no cloak)
rCorr   .          Rampage  .   (no gloves)
Will    .....                   (no boots)
Stlth   ++........              f - amulet of magic regeneration
HPRegen 0.19/turn               q - +6 ring of strength
MPRegen 0.55/turn               d - +6 ring of strength

@: no status effects
A: high MP 1, forlorn, divine attributes
a: no special abilities


You were in a sewer.
You visited 1 branch of the dungeon, and saw 5 of its levels.
You also visited: Sewer.

You collected 129 gold pieces.

Inventory:

Hand Weapons
 a - a +1 whip of freezing (weapon)
 j - a +2 antimagic whip
 D - a +3 short sword of speed
Missiles
 e - 66 stones
 p - 9 javelins
 t - a throwing net
 E - 5 poisoned darts
Armour
 s - a +0 buckler
 A - a +1 leather armour of fire resistance (worn)
 C - a +0 helmet (worn)
Magical Staves
 o - a staff of cold
Jewellery
 d - a +6 ring of strength (right hand)
 f - an amulet of magic regeneration (around neck)
 q - a +6 ring of strength (left hand)
Wands
 y - a wand of paralysis (13)
Scrolls
 c - 2 scrolls of identify
 m - a scroll of teleportation
 r - a scroll of fear {unknown}
 u - a scroll of blinking {unknown}
 x - a scroll of enchant weapon
 B - a scroll of vulnerability {unknown}
Potions
 b - a potion of magic
 g - a potion of lignification {unknown}
 h - a potion of might {unknown}
 i - a potion of berserk rage {unknown}
 k - 2 potions of mutation {unknown}
 l - a potion of heal wounds
 n - 3 potions of invisibility
 v - 2 potions of resistance {unknown}
 w - a potion of curing {unknown}
 z - a potion of brilliance {unknown}


   Skills:
 + Level 3.6 Fighting
 + Level 2.2 Armour
 - Level 1.7 Dodging
 - Level 1.7 Stealth
 + Level 3.8 Spellcasting
 + Level 2.3 Conjurations
 - Level 0.8 Transmutations
 + Level 4.6 Earth Magic


You had 6 spell levels left.
You knew the following spells:

 Your Spells              Type           Power      Damage    Failure   Level
a - Stone Arrow           Conj/Erth      44%        3d9       8%          3
b - Sandblast             Erth           56%        2d13      1%          1
s - Slow                  Hex            16%        N/A       11%         1
w - Passwall              Tmut/Erth      15%        N/A       5%          2

Your spell library contained the following spells:

 Spells                   Type           Power      Damage    Failure   Level
 Confusing Touch          Hex            4%         N/A       32%         3
 Vampiric Draining        Necr           4%         2d6       32%         3
 Petrify                  Tmut/Erth      18%        N/A       34%         4


Dungeon Overview and Level Annotations

Branches:
Dungeon (6/15)              Sewer (1/1)
 Temple: D:4-7

Annotations:
Sewer Grinder


Innate Abilities, Weirdness & Mutations

You have an increased reservoir of magic. (+10% MP)
You shall have no god before yourself.
Your divine heritage dramatically boosts your attributes as you level up.


Message History

Aiming: Sandblast (safe; 1% risk of failure)
Press: ? - help, Q - select action, (/) - cycle Shift-Dir - straight line, f/p - Grinder
Aim: Grinder (lightly wounded, 81% to hit)
The blast of sand hits Grinder!
Grinder is heavily wounded.
Grinder hits you.
You writhe in agony.
Grinder hits you!
You writhe in agony.
Aiming: Sandblast (safe; 1% risk of failure)
Press: ? - help, Q - select action, (/) - cycle Shift-Dir - straight line, f/p - Grinder
Aim: Grinder (heavily wounded, 81% to hit)
Okay, then.
Casting: Sandblast (safe; 1% risk of failure)
Confirm with . or Enter, or press ? or * to list all spells.
Aiming: Stone Arrow (dangerous; 8% risk of failure)
Press: ? - help, Shift-Dir - straight line, f/p - Grinder
Aim: Grinder (heavily wounded, 68% to hit)
The stone arrow hits Grinder!
Grinder is severely wounded.
Grinder gestures at you. Pain shoots through your body!
* * * LOW HITPOINT WARNING * * *
Casting: Stone Arrow (dangerous; 8% risk of failure)
Confirm with . or Enter, or press ? or * to list all spells.
Aiming: Stone Arrow (dangerous; 8% risk of failure)
Press: ? - help, Shift-Dir - straight line, f/p - Grinder
Aim: Grinder (severely wounded, 68% to hit)
The stone arrow hits Grinder.
Grinder is almost dead.
Grinder hits you.
* * * LOW HITPOINT WARNING * * *
Casting: Stone Arrow (dangerous; 8% risk of failure)
Confirm with . or Enter, or press ? or * to list all spells.
Aiming: Stone Arrow (dangerous; 8% risk of failure)
Press: ? - help, Shift-Dir - straight line, f/p - Grinder
Aim: Grinder (almost dead, 68% to hit)
The stone arrow hits Grinder.
Grinder is almost dead.
Grinder hits you!
* * * LOW HITPOINT WARNING * * *
You writhe in agony.
You die...

#~.. #~≈.#.~≈≈≈≈≈≈≈≈≈≈≈
#≈... #≈~.#..≈≈≈≈≈≈≈≈≈≈≈
#≈... #≈~.#.~~~≈≈≈≈≈≈≈≈≈
##'''# #≈†.#..~≈≈≈≈≈≈≈≈≈≈
##..... #≈†)#...~≈≈≈~≈≈≈≈≈
#...⌠..###.####.#≈###≈~#~#
+.⌠....)#)..#≈≈...........
+..._.⌠)5†..≈≈≈≈..........
+.⌠.....#@..#≈≈...........
#...⌠..###.####.###≈##~##≈
##..... #≈≈.#....≈≈≈≈≈≈~≈≈
##'''# #≈~)#..~≈≈≈≈≈≈≈≈≈≈
#≈... #≈~.#.~≈≈≈≈≈≈≈≈≈≈≈
#≈... #≈~.#.~≈≈≈≈≈≈≈≈≈≈≈
#≈.. #~..#..≈≈≈≈≈≈≈≈≈≈≈
#≈.. #≈..+..≈≈≈≈≈≈≈≈≈≈≈
##################


You could see Grinder.

Vanquished Creatures
  A water moccasin (D:5)
  2 kobold brigands (Sewer)
  A bullfrog (D:5)
  2 necrophages
  An orc priest (D:5)
  Natasha (thrice) (D:2)
  4 gnolls (D:2)
  4 adders
  A shadow imp (Sewer)
  7 ufetubi (Sewer)
  2 worms
  3 dart slugs
  2 orcs (D:3)
  8 bats
  3 endoplasms
  6 giant cockroaches
  4 goblins
  5 hobgoblins
  3 jackals (D:1)
  5 quokkas
  11 ball pythons
  6 frilled lizards
  16 kobolds
  3 kobold zombies (Sewer)
  2 rats (D:1)
105 creatures vanquished.

Vanquished Creatures (others)
  12 plants (D:5)
12 creatures vanquished.

Grand Total: 117 creatures vanquished

Notes
Turn   | Place    | Note
-------+----------+-------------------------------------------
     0 | D:1      | ThatPearl the Demigod Earth Elementalist began the quest
                  | for the Orb.
     0 | D:1      | Reached XP level 1. HP: 14/14 MP: 5/5
   585 | D:1      | Reached XP level 2. HP: 22/22 MP: 5/7
   590 | D:1      | Reached skill level 3 in Earth Magic
   623 | D:1      | Learned a level 2 spell: Passwall
   739 | D:1      | Reached skill level 1 in Fighting
  1182 | D:1      | Learned a level 1 spell: Slow
  1290 | D:2      | Reached XP level 3. HP: 28/28 MP: 7/9
  1601 | D:2      | Reached XP level 4. HP: 19/36 MP: 7/10
  1828 | D:2      | Noticed Natasha
  1835 | D:2      | Killed Natasha
  1991 | D:2      | Noticed Natasha
  1994 | D:2      | Killed Natasha
  2232 | D:2      | Reached XP level 5. HP: 42/42 MP: 12/12
  2237 | D:2      | Learned a level 3 spell: Stone Arrow
  2380 | D:2      | Noticed Natasha
  2386 | D:2      | Killed Natasha
  3149 | D:3      | Reached skill level 4 in Earth Magic
  3240 | D:3      | You fall into a shaft and drop 2 floors!
  3240 | D:5      | Entered Level 5 of the Dungeon
  3434 | D:5      | Reached skill level 1 in Armour
  3434 | D:5      | Reached skill level 1 in Conjurations
  3580 | D:5      | Noticed a water moccasin
  3591 | D:5      | Killed a water moccasin
  3592 | D:5      | Reached XP level 6. HP: 28/51 MP: 11/14
  3612 | D:5      | Found a glowing drain.
  3624 | Sewer    | Entered a sewer
  4007 | Sewer    | Reached XP level 7. HP: 51/57 MP: 13/15
  4019 | Sewer    | Noticed Grinder
  4099 | Sewer    | Slain by Grinder

Illustrated notes

Levels and vault maps discovered:
D:1:      dpeg_arrival_houses_and_road, layout_loops_corners,
          minmay_tromino_mix6
D:2:      layout_basic, nicolae_ecumenical_lake_church, uniq_natasha
D:3:      kennysheep_six_static_rooms, layout_basic,
          mainiacjoe_overflow_24_doors, nicolae_figureground_pulse
D:5:      layout_basic, grunt_temple_overflow_diamond, cheibrodos_worm_habitat,
          cheibrodos_sewer_entry_bend, nicolae_grassy_gnolls
D:6:      layout_basic, gammafunk_ghost_grave, lightli_orcish_oven,
          uniq_blork_the_orc
Sewer:    kennysheep_sewer_church

Skill      XL: |  1  2  3  4  5  6  7 |
---------------+----------------------+-----
Spellcasting   | 2 3 |  3.8
Earth Magic    | 3 4 |  4.6
Fighting       | 1 2 3 |  3.6
Armour         | 1 2 |  2.2
Conjurations   | 1 2 |  2.3
Dodging        | |  1.7
Stealth        | |  1.7
Transmutations | |  0.8

Action                   |  1- 3 |  4- 6 |  7- 9 || total
-------------------------+-------+-------+-------++-------
Melee: Unarmed           |     5 |       |       ||     5
       Dagger            |     1 |       |       ||     1
       Whip              |       |    27 |     1 ||    28
 Cast: Sandblast         |    76 |    90 |    14 ||   180
       Stone Arrow       |       |     1 |     3 ||     4
  Use: Scroll            |       |     4 |       ||     4
 Stab: Sleeping          |       |     1 |       ||     1
Armor: Robe              |     9 |       |       ||     9
       Leather armour    |       |    31 |     9 ||    40
Dodge: Dodged            |    42 |    49 |    13 ||   104
